AoeStats
← Reis

Arena

509882035Analyzed
4v4 RM · 4d ago on Sep 28, 2026· 13m 50s· 8 players
Game mode
Random Map
Map size
Large (8 player)
Population
200
Speed
Normal
Resources
Standard
Victory
Conquest
Starting age
Dark Age
Ending age
Imperial Age
RankedLock teamsTeams togetherTeam positionsShared explorationLock speedFull tech treeHidden civsTurbo modeCheats
Victory
Defeat
1328
+13
1312
+14
🇮🇳 Vietnamese · India
1296
+14
🇮🇳 Magyars · India
1295
+14
🇦🇺 Persians · Australia
1457
-21
🇨🇭 Bulgarians · Switzerland
1277
-14
🇺🇸 Tatars · United States
1255
-13
🇦🇺 Britons · Australia
1055
-24
maniaaaaaac
11:07 Feudal Age
15:24 Castle Age
13:24 Double-Bit Axe
NUR
7:12 Loom
10:40 Feudal Age
14:14 Castle Age
12:14 Horse Collar
14:36 Wheelbarrow
电脑人-偷家鸡鸡短三寸-
9:48 Feudal Age
15:28 Castle Age
14:06 Double-Bit Axe
肩扛大明两京一十三省
9:21 Feudal Age
13:48 Castle Age
12:16 Double-Bit Axe
FATBOY <OBAMA>
10:03 Feudal Age
11:22 Double-Bit Axe
14:07 Castle Age
Reis
9:56 Feudal Age
MaXimus
10:28 Feudal Age
13:54 Castle Age
11:50 Double-Bit Axe
11:54 Horse Collar
fusion
10:50 Feudal Age
15:19 Castle Age
Connection lost

Rejoining the realm…

Still unreachable

The connection could not be restored.

Session expired

The server has moved on; the page needs a fresh start.